 Dungeon Crawl Stone Soup version 0.25.0-37-gb73750e0fb (webtiles) character file.

Game seed: 14721563845759366593

445 Ethylacetat the Cutter (level 7, -10/49 HPs)
             Began as an Octopode Assassin on July 8, 2020.
             Killed by divine providence
             ... invoked by an orc priest
              (11 damage)
             ... on level 4 of the Dungeon.
             The game lasted 00:05:50 (3998 turns).

Ethylacetat the Cutter (Octopode Assassin)          Turns: 3998, Time: 00:05:51

Health: -10/49     AC:  1    Str: 13    XL:     7   Next: 3%
Magic:  7/7        EV: 12    Int: 13    God:
Gold:   155        SH:  0    Dex: 13    Spells: 6/6 levels left

rFire    . . .     SeeInvis .   a - +2 dagger
rCold    . . .     Gourm    .   (no shield)
rNeg     . . .     Faith    .   (helmet restricted)
rPois    .         Spirit   .   (no amulet)
rElec    .         Reflect  .   (no ring)
rCorr    .         Harm     .   (no ring)
MR       .....                  (no ring)
Stlth    ++++......             (no ring)
HPRegen  0.16/turn              (no ring)
MPRegen  0.10/turn              (no ring)
                                (no ring)
                                (no ring)

@: drained
A: almost no armour, stealthy swim, amphibious, 8 rings, constrict 8, camouflage
1, gelatinous body 1
a: no special abilities


You were on level 4 of the Dungeon.
You were not hungry.

You visited 1 branch of the dungeon, and saw 4 of its levels.

You collected 155 gold pieces.

Inventory:

Hand Weapons
 a - a +2 dagger (weapon)
 l - a +2 vampiric dagger
Missiles
 b - 21 poisoned darts (quivered)
 c - 2 curare-tipped darts
Wands
 m - a wand of digging (5)
 q - a wand of random effects (24)
Scrolls
 g - 5 scrolls of identify {unknown}
 h - 3 scrolls of random uselessness {unknown}
 i - 4 scrolls of teleportation {unknown}
 k - a scroll of remove curse {unknown}
 p - 2 scrolls of blinking {unknown}
 s - a scroll of immolation {unknown}
 t - a scroll of fog {unknown}
 v - a scroll of enchant weapon {unknown}
 w - a scroll of amnesia {unknown}
Potions
 e - a potion of degeneration {unknown}
 f - a potion of haste {unknown}
 n - a potion of mutation {unknown}
 o - a potion of might {unknown}
 r - a potion of magic {unknown}
 u - a potion of lignification {unknown}
Comestibles
 d - 7 rations


   Skills:
 + Level 4.4(3.6) Fighting
 * Level 6.1(5.2) Short Blades
 - Level 2.0(1.2) Throwing
 - Level 1.0(0.2) Dodging
 - Level 5.3(4.4) Stealth


You had 6 spell levels left.
You didn't know any spells.
Your spell library contained the following spells:

 Spells                   Type           Power        Failure   Level  Hunger
 Summon Small Mammal      Summ           #...         30%         1    ##.....
 Call Imp                 Summ           #.......     43%         2    ###....
 Call Canine Familiar     Summ           #.......     67%         3    ####...
 Summon Guardian Golem    Hex/Summ       #.......     67%         3    ####...
 Summon Ice Beast         Ice/Summ       #.......     97%         4    #####..
 Summon Lightning Spire   Summ/Air       #.......     97%         4    #####..


Dungeon Overview and Level Annotations

Branches:
Dungeon (4/15)
 Temple: D:4-7

Altars:
Fedhas
Hepliaklqana
Nemelex Xobeh
Xom
Zin


Innate Abilities, Weirdness & Mutations

You cannot wear most types of armour.
You are very stealthy in the water. (Stealth+)
You are amphibious.
You can wear up to eight rings at the same time.
You can use your tentacles to constrict eight enemies at once.
Your skin changes colour to match your surroundings (Stealth+).
Your rubbery body absorbs attacks. (AC +1, EV +1)


Message History

The orc hits you with a +0 flail of draining!
You feel drained.
The orc priest calls down the wrath of Beogh upon you.
Beogh smites you!
* * * LOW HITPOINT WARNING * * *
You closely miss the orc wizard. Your grab misses the orc wizard.
The orc wizard is moderately wounded.
The orc wizard hits you with a +0 dagger.
* * * LOW HITPOINT WARNING * * *
The orc hits you with a +0 flail of draining.
* * * LOW HITPOINT WARNING * * *
You feel drained.
You barely miss the orc wizard. You grab the orc wizard.
The orc wizard is moderately wounded.
You constrict the orc wizard.
The orc wizard hits you with a +0 dagger.
* * * LOW HITPOINT WARNING * * *
The orc priest calls down the wrath of Beogh upon you.
Beogh smites you!
You die...

#.# #.# #.......# #.#
#.# #.#....##
#.#####.###.#.#.##
#...........#.#.#
#######.#####.#.###
###########.#####.#.#..
#.................#.#.#
#.###.######.######.#..#
#ao@o.....####.###..
#.###.######........#.>.
#.oo.# ###............
##.#.# ##.#########....
#.#.###.#.##### #<...
#.#.##.###....# ###.#
#o#.###.#.###.# #.#
#o#.# ##.## #.# #.#
#.#.# #...###.######.#


You could see a worker ant, 2 orc priests, an orc wizard (fast) and an orc.

Vanquished Creatures
  A bullfrog (D:2)
  2 scorpions (D:4)
  A hound (D:4)
  A bullfrog skeleton (D:4)
  An orc wizard (D:4)
  2 worker ants
  3 gnolls (D:3)
  6 adders
  A dart slug (D:2)
  A worm (D:4)
  2 leopard geckos
  2 orcs
  7 hobgoblins
  3 jackals (D:1)
  3 quokkas
  4 bats
  6 frilled lizards
  8 goblins
  11 kobolds
  A leopard gecko skeleton (D:4)
  7 rats
  2 butterflies (D:2)
75 creatures vanquished.

Notes
Turn   | Place    | Note
-------+----------+-------------------------------------------
     0 | D:1      | Ethylacetat the Octopode Assassin began the quest for the
                  | Orb.
     0 | D:1      | Reached XP level 1. HP: 14/14 MP: 1/1
   325 | D:1      | Reached XP level 2. HP: 3/19 MP: 2/2
  1132 | D:2      | Reached skill level 3 in Short Blades
  1132 | D:2      | Reached XP level 3. HP: 25/25 MP: 3/3
  1252 | D:2      | Found a glowing silver altar of Zin.
  1265 | D:2      | Found a sparkling altar of Nemelex Xobeh.
  1620 | D:2      | Reached XP level 4. HP: 30/30 MP: 4/4
  1637 | D:2      | Noticed a bullfrog
  1644 | D:2      | Killed a bullfrog
  1644 | D:2      | Reached skill level 4 in Short Blades
  1644 | D:2      | Reached XP level 5. HP: 36/36 MP: 5/5
  1731 | D:2      | Found a shimmering altar of Xom.
  1805 | D:2      | Found a sparkling altar of Nemelex Xobeh.
  1880 | D:3      | Found a hazy altar of Hepliaklqana.
  3013 | D:3      | Found a blossoming altar of Fedhas.
  3132 | D:3      | Reached skill level 5 in Short Blades
  3246 | D:3      | Reached XP level 6. HP: 43/43 MP: 6/6
  3698 | D:4      | Reached skill level 6 in Short Blades
  3735 | D:4      | Reached XP level 7. HP: 40/49 MP: 7/7
  3998 | D:4      | HP: 1/49 [orc wizard/+0 dagger (5)]
  3998 | D:4      | Killed from afar by an orc priest

Illustrated notes

Levels and vault maps discovered:
D:1:      evilmike_arrival_hilbert_curve, layout_basic
D:2:      layout_rooms, amethyst_overflow_temple_binary, xom_butterflies,
          nemelex_lonely_heart_becter, uniq_crazy_yiuf_cottage, uniq_sigmund
D:3:      layout_basic, overflow_temple_1_default, first_ration, fedhas_altar_1
D:4:      layout_loops_ring, st_stairs_9, grunt_ministairs_4,
          hangedman_decor_opposing

Skill      XL: |  1  2  3  4  5  6 |
---------------+-------------------+-----
Short Blades   | 3 4 5 6 |  6.1
Fighting       | 3 4 |  4.4
Throwing       | |  2.0
Dodging        | |  1.0
Stealth        | |  5.3

Action                   |  1- 3 |  4- 6 |  7- 9 || total
-------------------------+-------+-------+-------++-------
Melee: Dagger            |    64 |    77 |     5 ||   146
       Constrict         |    16 |    21 |     2 ||    39
       Tentacles         |    11 |    20 |       ||    31
 Stab: Sleeping          |    12 |    10 |       ||    22
  Eat: Chunk             |     2 |     7 |       ||     9
Armor: Skin              |     1 |     2 |       ||     3
Dodge: Dodged            |    32 |    24 |     3 ||    59
